[Event "*** Titled Tuesday Blitz"]
[Site "Chess.com"]
[Date "2020.10.20"]
[Round "8"]
[White "Susal_De_Silva"]
[Black "Kurai"]
[Result "1-0"]
[WhiteElo "2446"]
[BlackElo "2575"]
[TimeControl "180+1"]
[EndTime "11:37:12 PDT"]
[Termination "Susal_De_Silva won by resignation"]

1. e4 e5 2. Nf3 Nc6 3. Bb5 Nf6 4. O-O Nxe4 5. d4 Nd6 6. dxe5 Nxb5 7. a4 d6 8. axb5 Nxe5 9. Re1 Be7 10. Nxe5 dxe5 11.
Qxd8+ Bxd8 12. Rxe5+ Be6 13. Nc3 O-O 14. Re1 Bf5 15.
Be3 Bxc2 16. Rxa7 Rxa7 17. Bxa7 Bf6 18. Nd5 Bxb2 19. Re2 Ra8 20. Nxc7 Rd8 21. f3 Bd4+ 22. Bxd4 Bd3 23. Re3 Bf5 24. Re8+ Rxe8 25. Nxe8 Bd3 26. b6 Bb5 27. Nxg7 Kf8 28. Nf5 Ke8 29. Kf2 Kd7 30. Ke3 Ke6 31. g4 Bf1 32. Kf4 Ba6 33. Bg1 Kd5 34. Kg5 Be2 35. f4 Ke4 36. Ng3+ Kf3 37. Nxe2 Kxe2 38. Kf6 Kf3 39. Kxf7 Kxf4 40. h3 Kg3 41. Kg7 Kxh3 42. g5 Kg4 43. Be3 h5 44.
gxh6 1-0

[Event "*** Titled Tuesday Blitz"]
[Site "Chess.com"]
[Date "2020.10.20"]
[Round "8"]
[White "maxip32"]
[Black "Buffy7"]
[Result "0-1"]
[WhiteElo "2429"]
[BlackElo "2645"]
[TimeControl "180+1"]
[EndTime "11:37:13 PDT"]
[Termination "Buffy7 won on time"]

1. e4 e5 2. Nf3 Nc6 3. Bc4 Bc5 4. O-O Nf6 5. d3 d6 6. c3 a6 7. a4 Ba7 8. Na3 h6 9. Nc2 O-O 10. Be3 Re8 11. Bxa7 Rxa7 12. Ne3 Be6 13. Re1 Ra8 14. Bxe6 Rxe6 15. Nf5 Qd7 16. Qc2 Rae8 17. b4 b5 18.
axb5 axb5 19. Ra6 d5 20. Rea1 Kh7 21. h3 g6 22. Ng3 Kg7 23. Nd2 Qc8 24. R6a3 Qd8 25.
Nb3 dxe4 26. dxe4 Rd6 27. Nf1 Nd7 28. Ne3 Nb6 29. Nc5 Rd2 30. Qc1 Nc4 31. Nxc4 bxc4 32. R3a2 Rxa2 33. Rxa2 Qh4 34. Qf1 Rd8 35. b5 Ne7 36.
Ra7 Qh5 37. g4 Qg5 38. Rxc7 Kg8 39. b6 h5 40. Qg2 Rd1+ 41. Kh2 h4 0-1

[Event "*** Titled Tuesday Blitz"]
[Site "Chess.com"]
[Date "2020.10.20"]
[Round "8"]
[White "Rodalquilar"]
[Black "Fusikk"]
[Result "1-0"]
[WhiteElo "2715"]
[BlackElo "2538"]
[TimeControl "180+1"]
[EndTime "11:37:14 PDT"]
[Termination "Rodalquilar won on time"]

1. d4 Nf6 2. Bf4 d5 3. e3 e6 4. Nf3 Bd6 5. Bg3 c5 6. Bb5+ Nc6 7. Nbd2 O-O 8. c3 Bxg3 9. hxg3 Qd6 10. Bxc6 Qxc6 11.
Ne5 Qc7 12. g4 Nd7 13. Qc2 g6 14. Nxd7 Bxd7 15. g5 e5 16. dxe5 Qxe5 17. Nf3 Qe7 18. O-O-O Bf5 19. Qb3 Be4 20. Rxd5 Bxd5 21. Qxd5 Rfd8 22.
Qc4 Rd7 23. Qh4 f6 24. gxf6 Qe6 25. Qf4 Qxa2 26. Ne5 Qa1+ 27. Kc2 Qxh1 28. f7+ Rxf7 29. Qxf7+ Kh8 30. Qxb7 Re8 31. Qc6 Rxe5 32. Qf6+ Kg8 33. Qxe5 Qxg2 34. Qb8+ Kg7 35. Qxa7+ Kh6 36. Qf7 Qf1 37.
Qf8+ Kh5 38. Qf3+ Kh6 39. e4 c4 40. e5 Qe1 41. Qf4+ Kg7 42. Qxc4 1-0

[Event "*** Titled Tuesday Blitz"]
[Site "Chess.com"]
[Date "2020.10.20"]
[Round "8"]
[White "shaheus"]
[Black "lucachess49"]
[Result "0-1"]
[WhiteElo "2181"]
[BlackElo "2357"]
[TimeControl "180+1"]
[EndTime "11:37:14 PDT"]
[Termination "lucachess49 won on time"]

1. e4 e5 2. Nf3 Nc6 3. Nc3 Nf6 4. Nxe5 Nxe5 5. d4 Nc6 6. d5 Ne5 7. f4 Bd6 8. fxe5 Bxe5 9. Be2 O-O 10. Be3 d6 11. Qd2 Ng4 12. Bxg4 Bxg4 13. O-O h6 14. h3 Bh5 15. Bd4 Re8 16. Rae1 Bg6 17. Bxe5 Rxe5 18. Qd4 Qe7 19. Re3 b6 20. a4 a5 21.
Qc4 Re8 22. Nb5 Rxe4 23. Rxe4 Qxe4 24. Qxe4 Rxe4 25. Nxc7 Rc4 26. Nb5 Rxc2 27. Nxd6 Rxb2 28. Rc1 Rd2 29. Rc6 Rxd5 30. Rxb6 Rd1+ 31. Kf2 Rd4 32. Nc8 Rxa4 33. Ne7+ Kh7 34. Nxg6 fxg6 35. Ra6 Ra2+ 36. Kg3 g5 37. Kh2 h5 38. Kg3 h4+ 39. Kf3 Kg8 0-1

[Event "*** Titled Tuesday Blitz"]
[Site "Chess.com"]
[Date "2020.10.20"]
[Round "8"]
[White "Aleksey_Sorokin"]
[Black "Orest_Vovk"]
[Result "1-0"]
[WhiteElo "2845"]
[BlackElo "2518"]
[TimeControl "180+1"]
[EndTime "11:37:15 PDT"]
[Termination "Aleksey_Sorokin won on time"]

1. d4 Nc6 2. Nf3 d6 3. c4 Bg4 4. d5 Nb8 5. Qb3 b6 6. Nbd2 Nf6 7. e4 e5 8. dxe6 Bxe6 9. Nd4 Be7 10. Nxe6 fxe6 11.
Be2 Nbd7 12. O-O Nc5 13. Qh3 Qd7 14. e5 dxe5 15. b4 Nb7 16. Nf3 e4 17. Ne5 Qd4 18. Bf4 Nd8 19. Rad1 Qb2 20. Bh5+ Nxh5 21. Qxh5+ g6 22. Qh6 Bf6 23. Ng4 Bg7 24. Qh3 O-O 25. Bh6 Nf7 26. Rd7 Rad8 27. Rxc7 Nxh6 28. Nxh6+ Bxh6 29. Qxe6+ Kh8 30. h4 Bg7 31. Qxe4 Qe5 32. Qb7 Rde8 33.
Qxa7 Rg8 34. Qxb6 Qc3 35. c5 Rb8 36. Rb7 Rxb7 37. Qxb7 Bd4 38. c6 Rf8 39. Qe7 Rg8 40. b5 Be5 41. Qe6 Bf6 42. Rd1 Bg7 43. Qd7 Qc5 44. c7 Be5 45. b6 1-0

[Event "*** Titled Tuesday Blitz"]
[Site "Chess.com"]
[Date "2020.10.20"]
[Round "8"]
[White "GelmanAlexander"]
[Black "Ladislav1969"]
[Result "0-1"]
[WhiteElo "2575"]
[BlackElo "2435"]
[TimeControl "180+1"]
[EndTime "11:37:16 PDT"]
[Termination "Ladislav1969 won by checkmate"]

1. d4 Nf6 2. Nc3 d5 3. Bf4 g6 4.
e3 Bg7 5. h4 c6 6. Be2 h5 7.
Nf3 Bg4 8. Ne5 Bxe2 9. Qxe2 Nbd7 10. O-O-O Qa5 11. Kb1 Rc8 12. e4 Nxe5 13. Bxe5 O-O 14. f3 b5 15. Qe3 b4 16. Ne2 dxe4 17. Bxf6 Bxf6 18. fxe4 c5 19. d5 Qc7 20. g4 Qe5 21. c3 bxc3 22. Nxc3 hxg4 23. h5 g5 24. Rhf1 Rb8 25. Ka1 Rb4 26. Rf5 Qh2 27.
Rf2 Qe5 28. d6 exd6 29. Rxd6 Qxd6 30. Nd5 Rd4 31. Nxf6+ Qxf6 32. a3 Qe5 33. Rf5 Rd1+ 34. Ka2 Qe6+ 35. b3 f6 36. Rxc5 Rfd8 37. a4 R8d2+ 38.
Ka3 Ra1+ 39. Kb4 Qb6+ 40. Kc3 Rdd1 41. Rc8+ Kg7 42. h6+ Kxh6 43. Qg3 Rac1+ 44. Kb2 Qd4+ 45. Ka3 Ra1# 0-1

[Event "*** Titled Tuesday Blitz"]
[Site "Chess.com"]
[Date "2020.10.20"]
[Round "8"]
[White "mirceaparligras"]
[Black "LittlePeasant"]
[Result "0-1"]
[WhiteElo "2650"]
[BlackElo "2811"]
[TimeControl "180+1"]
[EndTime "11:37:17 PDT"]
[Termination "LittlePeasant won by resignation"]

1. d4 Nf6 2. c4 e6 3. Nf3 d5 4.
Nc3 dxc4 5. e4 b5 6. e5 Nd5 7. Nxb5 Nb6 8. Be2 Nc6 9. O-O Be7 10. Be3 Qd7 11. Rc1 Ba6 12. Nc3 h6 13. Ne4 Rb8 14.
b3 Nb4 15. bxc4 Nxa2 16. Ra1 Nb4 17. Rxa6 Nxa6 18. c5 Nb4 19. cxb6 cxb6 20. Qb3 O-O 21. Nc3 Rfc8 22. Rb1 a5 23. Nb5 Qd5 24. Qxd5 Nxd5 25.
Bd2 Bb4 26. Bxb4 Nxb4 27. Nd6 Rc7 28. Bb5 Nd5 29. g3 Nc3 30. Rb2 a4 31. Nd2 a3 32.
Rb4 a2 33. Nb3 Ra8 34. Kg2 Nd5 35. Rc4 Rxc4 36. Nxc4 a1=Q 37. Nxa1 Rxa1 38. Bc6 Rb1 39. Nd6 Nc7 40. Kf3 b5 41. Be4 Rb2 42. Ke3 b4 43. Nc4 Ra2 44. f4 Rxh2 45. Nd2 Nd5+ 46. Bxd5 exd5 47. f5 Kf8 0-1

[Event "*** Titled Tuesday Blitz"]
[Site "Chess.com"]
[Date "2020.10.20"]
[Round "8"]
[White "RobPeresian"]
[Black "kidagent"]
[Result "0-1"]
[WhiteElo "2403"]
[BlackElo "2301"]
[TimeControl "180+1"]
[EndTime "11:37:18 PDT"]
[Termination "kidagent won by resignation"]

1. Nf3 Nf6 2. c4 c6 3. Nc3 d5 4.
d4 dxc4 5. e3 Bf5 6. Bxc4 e6 7.
O-O b5 8. Bb3 Bb4 9. Qe2 Bg6 10.
Ne5 O-O 11. Nxg6 hxg6 12. Rd1 Nbd7 13. e4 Nb6 14. Be3 a6 15. f3 Nfd7 16. Rac1 Qe7 17. a3 Bd6 18. Qf2 Rab8 19. Ne2 Rfc8 20. e5 Bxa3 21.
bxa3 Qxa3 22. Rc3 b4 23. Rcd3 Qa5 24. Nf4 Nd5 25. Nxd5 cxd5 26. Bd2 Nb6 27. Qf1 Nc4 28. Ra1 Qb5 29. Ba4 Qb6 30. Qf2 Nb2 31. Rb3 Nxa4 32. Rxa4 a5 33. h4 Rc2 34. Qe3 Rbc8 35.
Qd3 R8c4 36. Be3 Qb5 37. Ra1 a4 38. Rbb1 b3 39. h5 b2 40. hxg6 bxa1=Q 41. gxf7+ Kxf7 42. Rxa1 Qb3 43. Qxb3 axb3 44. Rb1 b2 45. Kh2 Re2 46. Bg5 Rxd4 47. Kg3 Rc4 48. Bf4 Rcc2 0-1

[Event "*** Titled Tuesday Blitz"]
[Site "Chess.com"]
[Date "2020.10.20"]
[Round "8"]
[White "eljanov"]
[Black "PavelShkapenko"]
[Result "1-0"]
[WhiteElo "2886"]
[BlackElo "2704"]
[TimeControl "180+1"]
[EndTime "11:37:19 PDT"]
[Termination "eljanov won by resignation"]

1. Nf3 Nf6 2. c4 e6 3. Nc3 b6 4. e4 Bb7 5. Bd3 c5 6. e5 Ng8 7. O-O d6 8. Be4 Bxe4 9. Nxe4 dxe5 10. Nxe5 Nd7 11. d4 Nxe5 12. dxe5 Qxd1 13. Rxd1 Be7 14. a4 Rd8 15. Rxd8+ Kxd8 16. a5 Kc7 17. axb6+ Kxb6 18. Be3 f5 19. Nc3 Nh6 20. b4 Ng4 21. Bxc5+ Bxc5 22. Na4+ Kc6 23. Nxc5 Nxe5 24. Ra6+ Kc7 25. Nxe6+ Kb8 26. c5 Nd3 27. b5 Rc8 28. c6 Re8 29. g3 Nb4 30. c7+ Kb7 31. Rd6 Rc8 32. Rd7 g6 33. Rxh7 Nd5 34. h4 Nc3 35. Rg7 Nxb5 36. Rxg6 a5 37. Rf6 a4 38. Nc5+ Kxc7 39. Nxa4 Nd6 40. Nc5 Ra8 41. Ne6+ Kd7 42. Nd4 Ra5 43. Kg2 Rd5 44. Ne2 Ke7 45. Rh6 Rd2 46. Ng1 Ne4 47. Nh3 Kf7 48. Ra6 Kg7 49. h5 Nf6 50. Nf4 Rd7 51.
h6+ Kf7 52. Ra5 1-0

[Event "*** Titled Tuesday Blitz"]
[Site "Chess.com"]
[Date "2020.10.20"]
[Round "8"]
[White "Shield12"]
[Black "ftorodent"]
[Result "1-0"]
[WhiteElo "2824"]
[BlackElo "2666"]
[TimeControl "180+1"]
[EndTime "11:37:19 PDT"]
[Termination "Shield12 won by resignation"]

1. e4 e6 2. d4 d5 3. Nd2 Nf6 4. e5 Ne4 5. Nxe4 dxe4 6. Bc4 a6 7. a4 b6 8. Ne2 Bb7 9. Nf4 Nc6 10.
c3 Ne7 11. O-O g6 12. Qe2 Qd7 13. Rd1 Bg7 14. h4 h6 15. Qg4 h5 16. Qe2 Nf5 17. d5 Rd8 18. Be3 exd5 19. Bxd5 Bxd5 20. Nxd5 Qc6 21. Nb4 Qa8 22. Rxd8+ Qxd8 23. Bg5 Qa8 24.
Nxa6 O-O 25. Nxc7 Qc6 26. Nb5 e3 27. Bxe3 Nxh4 28. f4 Rd8 29. Nd4 Qe4 30. Re1 Bh6 31.
Bc1 Qd5 32. e6 fxe6 33. Qxe6+ Qxe6 34. Rxe6 Bg7 35. Be3 Kf7 36. Rxb6 Re8 37. Bf2 Bxd4 38. Rb7+ Ke6 39. Bxd4 Nf5 40. Rb6+ Kd5 41. Rxg6 Re2 42. b4 h4 43. Kh2 Re1 44. a5 Ra1 45. a6 Ke4 46. b5 Kxf4 47. Rf6 Kg5 48. Rxf5+ Kxf5 49. a7 Ke6 50. b6 1-0

[Event "*** Titled Tuesday Blitz"]
[Site "Chess.com"]
[Date "2020.10.20"]
[Round "8"]
[White "realmadridtv"]
[Black "OhanyanEminChess"]
[Result "1-0"]
[WhiteElo "2443"]
[BlackElo "2642"]
[TimeControl "180+1"]
[EndTime "11:37:20 PDT"]
[Termination "realmadridtv won by resignation"]

1. e4 e5 2. Nf3 Nc6 3. Bb5 f5 4. d3 fxe4 5. dxe4 Nf6 6. Bc4 Bc5 7. Ng5 Qe7 8. Bf7+ Kf8 9. Bc4 h6 10. Nf3 d6 11. Nh4 Qe8 12. O-O g5 13. Nf3 Kg7 14.
Nc3 Qh5 15. Be3 Bg4 16. Be2 Bb6 17. Nd5 Nxd5 18. Qxd5 Qg6 19. Bxb6 axb6 20. Rfe1 Be6 21. Qd2 Qf6 22. h3 Qf4 23. Qd3 h5 24. Nh2 g4 25.
g3 Qg5 26. h4 Qf6 27. a3 Nd4 28. c3 Nxe2+ 29. Rxe2 Ra4 30. Qb5 Rha8 31. Rd2 Qf7 32. Qe2 R8a5 33. Qe3 Qf6 34. Nf1 Qh6 35. Qe1 Qf6 36.
Ne3 Qf3 37. Nf5+ Bxf5 38. exf5 Qxf5 39. Qe3 Re4 40. Qd3 Kf6 41. b4 Ra8 42. Qd5 Rd8 43.
Qxb7 Rd7 44. Qc8 Qe6 45. Qh8+ Kg6 46. a4 Rh7 47. Qd8 Rc4 48. a5 bxa5 49. bxa5 Qf6 50. Qg8+ Rg7 51. Qxc4 1-0

[Event "*** Titled Tuesday Blitz"]
[Site "Chess.com"]
[Date "2020.10.20"]
[Round "8"]
[White "TheCastleHunter"]
[Black "coco_crc"]
[Result "1-0"]
[WhiteElo "2366"]
[BlackElo "2194"]
[TimeControl "180+1"]
[EndTime "11:37:21 PDT"]
[Termination "TheCastleHunter won by resignation"]

1. e4 e5 2. Nf3 Nc6 3. Bc4 Be7 4. O-O Nf6 5. Re1 Nxe4 6. Rxe4 d5 7. Bxd5 Qxd5 8.
Nc3 Qd6 9. Re1 O-O 10. d3 Bg4 11. h3 Bh5 12. Ne4 Qd7 13. Ng3 Bg6 14. Bd2 f6 15. Bc3 Rad8 16. Qe2 Bc5 17. Rad1 Rfe8 18. Kh1 Kh8 19. Nh4 Bf7 20. Ne4 Bb6 21. Qf3 Bd5 22. Qh5 Qf7 23. Qf3 Qd7 24. Qh5 Qf7 25. Qf3 Nd4 26. Bxd4 Bxd4 27. c3 Bb6 28. c4 Bc6 29. b4 Bd4 30. b5 Bd7 31. Ng5 Qe7 32. Qh5 fxg5 33. Ng6+ Kg8 34. Nxe7+ Rxe7 35. Qxg5 Rde8 36. f4 h6 37. Qg6 Re6 38. Qh5 c6 39. bxc6 Bxc6 40. fxe5 Rxe5 41. Rxe5 Rxe5 42. Qg4 Bb6 43. h4 Kh7 44. Rf1 Ra5 45. Qe2 Bc5 46. d4 Bxd4 47. Qd3+ 1-0

[Event "*** Titled Tuesday Blitz"]
[Site "Chess.com"]
[Date "2020.10.20"]
[Round "8"]
[White "paulrusan"]
[Black "Ajedrez_con_German"]
[Result "0-1"]
[WhiteElo "2236"]
[BlackElo "2454"]
[TimeControl "180+1"]
[EndTime "11:37:23 PDT"]
[Termination "Ajedrez_con_German won by checkmate"]

1. e4 e6 2. d3 c5 3. Nf3 Nc6 4. g3 g6 5. Bg2 Bg7 6. O-O Nge7 7. c3 e5 8. a3 d6 9. b4 O-O 10. Nbd2 h6 11. Bb2 Be6 12. b5 Na5 13. a4 Qd7 14. d4 Bh3 15. Qe2 Bxg2 16. Kxg2 Kh7 17. dxc5 dxc5 18. Rfd1 Qe6 19. Ne1 Rfd8 20. Nc2 Rd7 21. Ne3 Rad8 22. Ndc4 Nxc4 23. Rxd7 Nxe3+ 24. Qxe3 Qxd7 25. Qxc5 b6 26. Qc4 Nc8 27. Ba3 Bf8 28. Bxf8 Rxf8 29. a5 Rd8 30. axb6 axb6 31. Ra8 Nd6 32. Rxd8 Qxd8 33. Qc6 Kg7 34. f3 Ne8 35. f4 exf4 36. gxf4 Nf6 37. e5 Qd2+ 38. Kf3 Qd3+ 39. Kg2 Ne4 40. Qxb6 Nxc3 41. Qf6+ Kg8 42. e6 Qd5+ 43.
Kf1 Qd1+ 44. Kg2 Qe2+ 45. Kg1 Qe3+ 46. Kf1 Qe2+ 47. Kg1 Qg4+ 48. Kf1 Qf3+ 49. Ke1 Qe2# 0-1

[Event "*** Titled Tuesday Blitz"]
[Site "Chess.com"]
[Date "2020.10.20"]
[Round "8"]
[White "Egorov_Pavel"]
[Black "BikingBrian"]
[Result "1-0"]
[WhiteElo "2401"]
[BlackElo "2255"]
[TimeControl "180+1"]
[EndTime "11:37:23 PDT"]
[Termination "Egorov_Pavel won by checkmate"]

1. d4 Nf6 2. c4 g6 3. Nc3 Bg7 4. e4 d6 5. Nf3 O-O 6. Be2 Na6 7. O-O e5 8. d5 Nc5 9. Qc2 a5 10. Bg5 h6 11. Bh4 g5 12. Bg3 Nh5 13. h4 Nf4 14.
hxg5 hxg5 15. Nh2 f5 16. f3 Bd7 17. Rfe1 Qf6 18. Bf1 g4 19. exf5 Bxf5 20. Ne4 Nxe4 21. fxe4 Bd7 22. Be2 Nh5 23. Qd3 Nf4 24. Bxf4 exf4 25.
Bxg4 Bxg4 26. Nxg4 Qg5 27. Nh2 Rf6 28. Nf3 Qg4 29.
Rac1 Rg6 30. Rc2 Rf8 31. a3 b6 32. b4 axb4 33. axb4 Bf6 34. Nh2 Qh4 35. Nf3 Qg4 36. c5 bxc5 37. bxc5 Rh6 38. cxd6 cxd6 39. e5 Bh4 40.
Rec1 Bg3 41. e6 Qh5 42. Kf1 Qh1+ 43. Ng1 Bh2 44. Qd4 Bxg1 45. Qxg1 f3 46. Qxh1 fxg2+ 47. Kxg2 Rxh1 48. Rxh1 Rf6 49. Rc8+ Kg7 50. e7 Rg6+ 51. Kf3 Kf6 52. e8=Q Rg5 53. Qf8+ Kg6 54. Rh6# 1-0

[Event "*** Titled Tuesday Blitz"]
[Site "Chess.com"]
[Date "2020.10.20"]
[Round "8"]
[White "kai_nov"]
[Black "Zhani-Z"]
[Result "0-1"]
[WhiteElo "2285"]
[BlackElo "2537"]
[TimeControl "180+1"]
[EndTime "11:37:24 PDT"]
[Termination "Zhani-Z won on time"]

1. d4 Nf6 2. c4 e6 3. Nc3 Bb4 4. f3 c5 5. d5 b5 6. e4 d6 7. a3 Bxc3+ 8. bxc3 bxc4 9. Bxc4 Qa5 10. Ne2 Ba6 11.
Bxa6 Qxa6 12. Bg5 Nbd7 13. O-O O-O 14. Ng3 exd5 15. exd5 g6 16. Qd2 Qc4 17. Rad1 Rfe8 18. h4 Re5 19. Qf4 Qxf4 20. Bxf4 Rxd5 21. Bxd6 Re8 22.
c4 Rxd1 23. Rxd1 Re3 24. h5 Kg7 25. h6+ Kg8 26. Ne4 Nxe4 27. fxe4 f6 28. Bc7 Nb6 29. Bxb6 axb6 30. Rd6 Rxe4 31. Rxf6 Rxc4 32. Rxb6 Ra4 33. Rb7 c4 34. Rg7+ Kf8 35. Rxh7 Rxa3 36. Rc7 Kg8 37. Kf2 Ra5 38. g4 g5 39. Ke3 Ra3+ 40. Ke4 Ra5 0-1

[Event "*** Titled Tuesday Blitz"]
[Site "Chess.com"]
[Date "2020.10.20"]
[Round "8"]
[White "UmarovSabir"]
[Black "HouseOfDurin"]
[Result "0-1"]
[WhiteElo "2339"]
[BlackElo "2181"]
[TimeControl "180+1"]
[EndTime "11:37:24 PDT"]
[Termination "HouseOfDurin won on time"]

1. e4 c5 2. a3 a5 3. Nf3 Nc6 4.
Bc4 e5 5. Nc3 g6 6. d3 h6 7. Be3 d6 8. Qd2 Bg7 9. h3 Nge7 10. a4 Bd7 11. Nb5 Be6 12. c3 Rc8 13. g4 b6 14. O-O-O d5 15. exd5 Bxd5 16. Qe2 O-O 17.
Rhe1 Qd7 18. Nd2 f5 19. f3 Rfd8 20. Rg1 Kh7 21. h4 Qe6 22. h5 g5 23. gxf5 Nxf5 24.
Bf2 Qf7 25. Ne4 Rd7 26. Kc2 Bf6 27. Bxd5 Rxd5 28. Nxf6+ Qxf6 29. Qe4 Rcd8 30. c4 Nb4+ 31. Kb1 R5d7 32. Nc3 Kg7 33. Nd5 Nxd5 34. cxd5 Rxd5 35.
Be3 Nxe3 36. Qxe3 Qf4 37. Qe2 Kf6 38. Rge1 Rd4 39. Qc2 R8d5 40. Re2 Qg3 41. Rde1 Qf4 0-1

[Event "*** Titled Tuesday Blitz"]
[Site "Chess.com"]
[Date "2020.10.20"]
[Round "8"]
[White "GM_Levan_Pantsulaia"]
[Black "Azerichess"]
[Result "0-1"]
[WhiteElo "2857"]
[BlackElo "2978"]
[TimeControl "180+1"]
[EndTime "11:37:25 PDT"]
[Termination "Azerichess won by resignation"]

1. Nf3 Nf6 2. g3 g6 3. b3 Bg7 4.
Bb2 O-O 5. Bg2 d5 6. c4 Nc6 7. O-O d4 8. d3 a5 9. Na3 e5 10. Nb5 Re8 11. e3 dxe3 12. fxe3 Ng4 13. Qe2 Bh6 14.
Bc1 e4 15. dxe4 Rxe4 16. Ng5 Re7 17. e4 Nd4 18. Qd3 Bg7 19. Bb2 c5 20. Nxd4 cxd4 21. Nf3 Ne3 22. Rf2 Bg4 23. Nxd4 Nxg2 24. Kxg2 Rd7 25. Rd2 Qb6 26. h3 Rad8 27. Qe3 Bxd4 28. Bxd4 Rxd4 29. Rxd4 Bxh3+ 30. Kxh3 Rxd4 31. Re1 a4 32. e5 Qe6+ 33. Kg2 Rd7 34. Re2 a3 35. Qf3 h5 36. Qf6 Rd3 37. Qxe6 fxe6 38. Rc2 g5 39. Kf2 Kg7 40. c5 Rd4 41. Ke3 Rg4 42. Kf3 Rd4 43. Ke3 Rd1 44. b4 Rb1 45. Rc3 Rxb4 46. Rxa3 Kg6 47. Rb3 Rxb3+ 48. axb3 Kf5 49. Kd4 h4 50. gxh4 gxh4 51. Ke3 Kxe5 52. b4 Kd5 0-1

[Event "*** Titled Tuesday Blitz"]
[Site "Chess.com"]
[Date "2020.10.20"]
[Round "8"]
[White "scandalgod"]
[Black "jacky72"]
[Result "1/2-1/2"]
[WhiteElo "2391"]
[BlackElo "2549"]
[TimeControl "180+1"]
[EndTime "11:37:25 PDT"]
[Termination "Game drawn by repetition"]

1. d4 a6 2. e4 g6 3. Bd3 Bg7 4. Nf3 d6 5. O-O b5 6. a4 b4 7. Qe2 Bb7 8. Bg5 h6 9. Bh4 g5 10. Bg3 Nc6 11. c3 e5 12. Nbd2 bxc3 13. bxc3 Nge7 14. Rab1 Bc8 15. d5 Na5 16. c4 O-O 17. c5 f5 18. exf5 Bxf5 19. cxd6 cxd6 20. Ne4 Nxd5 21. Rfd1 Nf4 22. Bxf4 gxf4 23. Bc4+ Nxc4 24. Qxc4+ Kh8 25. Rb7 Rc8 26. Qd5 Bxe4 27. Qxe4 Rc7 28.
Rb6 Rd7 29. Rxa6 d5 30. Qg6 Rf6 31. Rxf6 Bxf6 32. Qxh6+ Kg8 33. Qg6+ Kf8 34. Qf5 e4 35. Ne5 Rd6 36. Qxf4 Kg8 37. Ng4 Bg7 38. g3 Qe7 39. Ne3 Qd7 40. a5 d4 41. Nf5 Rf6 42. g4 Qa4 43.
Rxd4 Qxd4 44. Qb8+ Rf8 45. Qxf8+ Kxf8 46. Nxd4 Bxd4 47. Kf1 Ke7 48. Ke2 Kf6 49. h4 Ke5 50.
a6 Kf4 51. g5 Kf5 52. f3 e3 53. Kd3 Ba7 54. Ke2 Kg6 55. f4 Kf5 56. h5 Bd4 57. g6 Kf6 58. f5 Kg7 59. Kd3 Ba7 60. Ke2 Bb6 61. Kf3 Bd4 62. Ke2 Bc5 63. Kd3 Bb6 64.
Ke2 Ba7 65. Kd3 Bd4 66. Ke2 Bc5 67. Kd3 Bd4 68. Ke2 1/2-1/2

[Event "*** Titled Tuesday Blitz"]
[Site "Chess.com"]
[Date "2020.10.20"]
[Round "8"]
[White "Fortitudine"]
[Black "Qvalda"]
[Result "0-1"]
[WhiteElo "2283"]
[BlackElo "2408"]
[TimeControl "180+1"]
[EndTime "11:37:25 PDT"]
[Termination "Qvalda won on time"]

1. c4 g6 2. g3 Bg7 3. Bg2 d6 4. Nc3 e5 5. e4 c5 6. Nge2 Nc6 7.
O-O Nge7 8. d3 O-O 9. Nd5 Bg4 10. f3 Be6 11. Bg5 f6 12. Be3 Nd4 13. Qd2 Nxd5 14.
cxd5 Bd7 15. Rfc1 b5 16. Nxd4 exd4 17. Bh6 g5 18. Bxg7 Kxg7 19. b4 Qe7 20. bxc5 dxc5 21. Qa5 h5 22. a4 a6 23. Qc7 Rfc8 24. Qb6 bxa4 25. f4 gxf4 26. gxf4 Bb5 27. Bh3 Rab8 28. Qa5 Qc7 29. Qxc7+ Rxc7 30. Rd1 Rd8 31. Kf2 Kf7 32.
Be6+ Ke7 33. Ke2 Kd6 34. Rg1 c4 35. dxc4 Rxc4 36. Kd2 Rb4 37. Rg6 Rb2+ 38. Kc1 Rxh2 39. Rxf6 Kc5 40. Bf5 Rg8 41. Rg6 Rxg6 42. Bxg6 d3 0-1

[Event "*** Titled Tuesday Blitz"]
[Site "Chess.com"]
[Date "2020.10.20"]
[Round "8"]
[White "Msb2"]
[Black "SantoBlue"]
[Result "1-0"]
[WhiteElo "2936"]
[BlackElo "2794"]
[TimeControl "180+1"]
[EndTime "11:37:27 PDT"]
[Termination "Msb2 won by resignation"]

1. d4 d5 2. Nf3 e6 3. Bf4 Bd6 4. e3 Bxf4 5. exf4 c5 6. dxc5 Qa5+ 7. c3 Qxc5 8. Bd3 Nc6 9. O-O Nge7 10. Nbd2 Qd6 11.
g3 h6 12. Qe2 O-O 13. Rad1 Qc7 14. h4 b6 15. h5 Bb7 16. Rfe1 Rad8 17. Nb3 Rfe8 18. Bb1 Nf5 19. Bxf5 exf5 20. Qxe8+ Rxe8 21. Rxe8+ Kh7 22. Nbd4 Nxd4 23. Nxd4 Ba6 24. Rde1 Qc4 25. a3 Qd3 26. Rf8 Qd2 27. Ree8 Qd1+ 28. Kh2 Qxh5+ 29. Kg2 Qd1 30. Nxf5 Qf1+ 31. Kf3 Qh1+ 32. Ke3 Qe1+ 33. Kd4 Qxf2+ 34. Ke5 Qxb2 35. Rh8+ Kg6 36. Ne7+ Kh5 37. Nxd5 Bc4 38. Ne3 Qxc3+ 39. Kd6 Qxa3+ 40. Kc7 Qc5+ 41. Kb8 Qd6+ 42. Kxa7 Qc7+ 43. Ka8 Be6 44. g4+ Kh4 45. g5 Qxf4 46. gxh6 gxh6 47. Ng2+ Kg3 48. Nxf4 Kxf4 49. Rxh6 Kg5 50. Rhxe6 1-0

[Event "*** Titled Tuesday Blitz"]
[Site "Chess.com"]
[Date "2020.10.20"]
[Round "8"]
[White "vova-79"]
[Black "Khnykin_Nikolay"]
[Result "1-0"]
[WhiteElo "2491"]
[BlackElo "2054"]
[TimeControl "180+1"]
[EndTime "11:37:27 PDT"]
[Termination "vova-79 won on time"]

1. d4 e6 2. c4 b6 3. a3 Bb7 4. Nc3 Nf6 5. Bg5 Be7 6. e3 d6 7. Nf3 Nbd7 8. Be2 c5 9. O-O a6 10.
b4 O-O 11. Rb1 h6 12. Bh4 Qc7 13. Bg3 Rac8 14. dxc5 bxc5 15. b5 Ne4 16. Nxe4 Bxe4 17. Bd3 Bxd3 18. Qxd3 axb5 19. Rxb5 Qc6 20. Rd1 Nf6 21.
a4 Rfd8 22. Ra1 d5 23. Ne5 Qe8 24. cxd5 Rxd5 25. Qc4 Rcd8 26. h3 Nh5 27. Bf4 g5 28.
Qe2 f5 29. Bh2 Bf6 30. f4 Rd2 31. Qf1 Bxe5 32. fxe5 Qc6 33. Rab1 Rc2 34. Rb8 Rxb8 35. Rxb8+ Kf7 36. a5 Ra2 37. a6 Rxa6 38. Qb1 Ra3 39. Qb7+ Qxb7 40. Rxb7+ Kg6 41. g4 Ng7 42. Rc7 Rxe3 43.
Rxc5 1-0

[Event "*** Titled Tuesday Blitz"]
[Site "Chess.com"]
[Date "2020.10.20"]
[Round "8"]
[White "abhidabhi"]
[Black "SergeyKarjakin"]
[Result "0-1"]
[WhiteElo "2802"]
[BlackElo "2905"]
[TimeControl "180+1"]
[EndTime "11:37:28 PDT"]
[Termination "SergeyKarjakin won on time"]

1. e4 e5 2. Nf3 Nc6 3. Bb5 a6 4. Ba4 Nf6 5. O-O Be7 6. Re1 b5 7. Bb3 O-O 8. d4 d6 9. c3 Bg4 10. d5 Na5 11. Bc2 Qc8 12. h3 Bd7 13. Nbd2 c6 14.
dxc6 Qxc6 15. Nf1 Nc4 16. a4 Rfc8 17. Bd3 Bd8 18. Ng3 h6 19. Qe2 bxa4 20. Nh4 Na5 21.
Nhf5 Nb3 22. Ra3 Nxc1 23. Rxc1 Qc5 24. Bc2 Bb5 25. Qd2 d5 26. exd5 Qxd5 27. Qe3 Qe6 28. Nxg7 Nd5 29. Nxe6 Nxe3 30. fxe3 fxe6 31. Bxa4 Be7 32.
Raa1 Bc5 33. Re1 Bd3 34. Bb3 Rc6 35. Bd1 e4 36. Bg4 Rb8 37. b4 Bf8 38. Ra3 Bg7 39. Rc1 Rxb4 40. Nh5 Rb2 41. Nxg7 Kxg7 0-1

[Event "*** Titled Tuesday Blitz"]
[Site "Chess.com"]
[Date "2020.10.20"]
[Round "8"]
[White "Unknown_IM"]
[Black "Sacbutt"]
[Result "1/2-1/2"]
[WhiteElo "2357"]
[BlackElo "2285"]
[TimeControl "180+1"]
[EndTime "11:37:28 PDT"]
[Termination "Game drawn by repetition"]

1. e4 c5 2. Nc3 Nc6 3. Bb5 g6 4. Bxc6 bxc6 5. d3 Bg7 6. Be3 d6 7. Qd2 e5 8. Nge2 Be6 9. O-O Nf6 10. h3 O-O 11. f4 exf4 12. Nxf4 Qe7 13. Rae1 Rab8 14.
b3 Nd7 15. Nfe2 d5 16. Bh6 Rbd8 17. Bxg7 Kxg7 18. exd5 cxd5 19. Nf4 d4 20. Ne4 Rde8 21. Ng5 Qd6 22. Nfxe6+ fxe6 23. Rxf8 Nxf8 24. Qf2 Qe7 25. Ne4 Nd7 26. Qg3 e5 27. Kh2 Nf6 28. Nd2 Nh5 29. Qf3 Rf8 30. Qd5 Re8 31. Nc4 Nf6 32. Qf3 Qc7 33. Kh1 Nd7 34. Rf1 Rf8 35. Qe2 Rxf1+ 36.
Qxf1 Nf6 37. Qe2 e4 38. dxe4 Qf4 39. e5 Ne4 40. Kg1 Qc1+ 41. Kh2 Qf4+ 42. Kg1 Qc1+ 43. Kh2 Qf4+ 44. Kg1 1/2-1/2